 Dungeon Crawl Stone Soup version 0.19-a0-1091-g463c9de (webtiles) character file.

243 mistymad the Skirmisher (level 6, -3/53 HPs)
             Began as a Ghoul Monk on Aug 7, 2016.
             Killed from afar by Natasha (5 damage)
             ... with a wand of flame
             ... on level 2 of the Dungeon.
             The game lasted 00:04:47 (1543 turns).

mistymad the Skirmisher (Ghoul Monk)                Turns: 1543, Time: 00:04:48

Health: -3/53      AC:  5    Str: 17    XL:     6   Next: 9%
Magic:  5/5        EV: 16    Int:  5    God:
Gold:   59         SH:  4    Dex: 16    Spells: 0 memorised, 5 levels left

rFire  . . .     SeeInvis .     a - +1 mace
rCold  + . .     Gourm    .     g - +0 ring mail
rNeg   + + +     Faith    .     j - +0 buckler
rPois  ∞         Spirit   .     (no helmet)
rElec  .         Dismiss  .     (no cloak)
rCorr  .         Reflect  .     (no gloves)
SustAt .         Harm     .     (no boots)
MR     .....                    (no amulet)
Stlth  ++........               (no ring)
                                (no ring)

@: agile, rotting, slowed, very slow
A: rotting body, claws 1, carnivore 3, cold resistance 1, negative energy
resistance 3, slow regeneration 1, torment resistance, unbreathing
a: no special abilities


You were on level 2 of the Dungeon.
You were not hungry.

You visited 1 branch of the dungeon, and saw 2 of its levels.

You collected 59 gold pieces.

Inventory:

Hand Weapons
 a - a +1 mace (weapon)
Armour
 g - a +0 ring mail (worn)
 j - a +0 buckler (worn)
Scrolls
 b - a scroll of fear {unknown}
 d - 2 scrolls of magic mapping {unknown}
 e - a scroll of fog {unknown}
 i - a scroll of remove curse
 m - a scroll of teleportation {unknown}
Potions
 h - a potion of flight
 l - a potion of lignification
Comestibles
 c - 2 meat rations
 k - a beef jerky
 n - 2 chunks of flesh


   Skills:
 + Level 4.6 Fighting
 + Level 4.2 Maces & Flails
 + Level 2.0 Armour
 - Level 2.6 Dodging
 - Level 2.1 Stealth
 + Level 1.9 Shields


You had 5 spell levels left.
You didn't know any spells.

Dungeon Overview and Level Annotations

Branches:
Dungeon (2/15)

Altars:
Gozag

Annotations:
D:2 Natasha


Innate Abilities, Weirdness & Mutations

Your body is rotting away.
You thrive on raw meat.
You are immune to poison.
You have sharp fingernails.
You are carnivorous and can eat meat at any time.
Your flesh is cold resistant. (rC+)
You are immune to negative energy. (rN+++)
You regenerate slowly when monsters are visible.
You are immune to unholy pain and torment.
You can survive without breathing.


Message History

Natasha stares at you and mumbles some strange words.
The magic dart hits you!
* * * LOW HITPOINT WARNING * * *
The crimson imp hits you.
* * * LOW HITPOINT WARNING * * *
Natasha closely misses you.
You take 11 damage, and have 8/53 hp.
MASSIVE DAMAGE!!
You feel agile all of a sudden.
Natasha zaps a wand.
The puff of flame hits you!
* * * LOW HITPOINT WARNING * * *
The crimson imp barely misses you.
You take 7 damage, and have 1/53 hp.
Unknown command.
Okay, then.
Eat one of 2 chunks of flesh? (ye/n/q)
You start eating one of the 2 chunks of flesh.
The crimson imp blinks!
Natasha claws you but does no damage.
Keep eating?
The crimson imp blinks! x2; Natasha zaps a wand.
The puff of flame hits you!
You die...

###.# ......# #
### .#....## # ..#
#.#.#..# # #.# .
..#..# #.## .# ##
#... .# #.## .# #
# .#
...##§######### .#
....?.h@......#
#.## .#
......§.##.##.#
#... #.#
#######.##.##.#
#.## ..# #5##.##.#
##... #.#
###(##.##.##
.##### !..
#..........##...#
# ##.K.
..................
. .h..#
.#.#.#####..#....
## .S.. # #.
#..#.#.# #.


You could see Natasha and a crimson imp.

Vanquished Creatures
  Sigmund (D:2)
  Natasha (D:2)
  An adder (D:2)
  An ooze (D:2)
  2 worms
  A giant gecko (D:1)
  2 giant cockroaches
  3 goblins (D:1)
  4 hobgoblins
  2 jackals (D:1)
  10 kobolds
  5 bats
  3 giant newts
  6 rats
42 creatures vanquished.

Notes
Turn   | Place    | Note
-------+----------+-------------------------------------------
     0 | D:1      | mistymad the Ghoul Monk began the quest for the Orb.
     0 | D:1      | Reached XP level 1. HP: 19/19 MP: 0/0
   108 | D:1      | Reached XP level 2. HP: 21/26 MP: 1/1
   474 | D:1      | Reached XP level 3. HP: 30/31 MP: 2/2
   864 | D:2      | Found an opulent altar of Gozag.
   877 | D:2      | Noticed Sigmund
   895 | D:2      | Killed Sigmund
   895 | D:2      | Reached skill level 1 in Armour
   895 | D:2      | Reached skill level 1 in Shields
   895 | D:2      | Reached XP level 4. HP: 25/41 MP: 3/3
   895 | D:2      | Reached XP level 5. HP: 29/47 MP: 4/4
   911 | D:2      | Noticed Natasha
  1131 | D:2      | Killed Natasha
  1222 | D:2      | Reached XP level 6. HP: 12/53 MP: 5/5
  1529 | D:2      | Noticed Natasha
  1542 | D:2      | HP: 1/53 [Natasha/wand of flame (7)]
  1543 | D:2      | Killed from afar by Natasha

Vault maps used:
D:1:      evilmike_arrival_run_for_it, minmay_misc_feat_four_crosses
D:2:      nicolae_gozag_cash_rules_everything_around_me,
          minmay_misc_feat_columns, lemuel_blue_sif_altar, uniq_natasha,
          uniq_sigmund

Skill      XL: |  1  2  3  4  5 |
---------------+----------------+-----
Maces & Flails | 3 4 |  4.2
Fighting       | 4 |  4.6
Armour         | 1 2 |  2.0
Shields        | 1 |  1.9
Dodging        | |  2.6
Stealth        | |  2.1

Action                   |  1- 3 |  4- 6 || total
-------------------------+-------+-------++-------
Melee: Mace              |    85 |    77 ||   162
  Use: Scroll            |     3 |     2 ||     5
       Potion            |     1 |     2 ||     3
 Stab: Sleeping          |     1 |     1 ||     2
  Eat: Chunk             |    10 |     9 ||    19
Armor: Robe              |    12 |       ||    12
       Ring mail         |     8 |    22 ||    30
Dodge: Dodged            |    67 |    40 ||   107
Block: Buckler           |       |    16 ||    16
